 Dungeon Crawl Stone Soup version 0.25-a0-663-gace7076f2c (webtiles) character file.

Game seed: 1989819951882147738, levelgen mode: deterministic

145471 CryoSword the Warrior (level 17, 0/260 HPs)
             Began as an Ogre Chaos Knight on Mar 24, 2020.
             Was a Plaything of Xom.
             Slain by a guardian serpent (2 damage)
             ... on level 3 of the Snake Pit on Mar 25, 2020.
             The game lasted 02:58:51 (35414 turns).

CryoSword the Warrior (Ogre Chaos Knight)          Turns: 35414, Time: 02:58:53

Health: 0/260      AC: 12    Str: 20    XL:     17   Next: 42%
Magic:  22/24      EV: 16    Int: 17    God:    Xom [..*...]
Gold:   5257       SH:  2    Dex: 17    Spells: 16/26 levels left

rFire    + . .     SeeInvis .   a - +1 giant spiked club
rCold    + + .     Gourm    .   (shield currently unavailable)
rNeg     . . .     Faith    .   R - +4 troll leather armour
rPois    .         Spirit   .   (helmet unavailable)
rElec    .         Reflect  +   e - scarf {repulsion}
rCorr    .         Harm     .   (gloves unavailable)
MR       +....                  (boots unavailable)
Stlth    ++++......             r - +2 amulet of reflection
HPRegen  1.33/turn              C - ring of stealth
MPRegen  0.19/turn              y - ring of wizardry

@: lethally poisoned (0 -> -2), very slightly contaminated, repel missiles
A: large, unfitting armour, horns 3, rugged brown scales 1, thin metallic scales
1, agile 2, clever 2, cold resistance 2, fire resistance 1, regeneration 1,
robust 3, tough skin 1, wild magic 3, evolution 1, MP-powered wands
a: Renounce Religion


You were on level 3 of the Snake Pit.
You worshipped Xom.
You were a toy of Xom.
You were not hungry.

You visited 5 branches of the dungeon, and saw 29 of its levels.
You also visited: Ossuary and Bailey.

You collected 8006 gold pieces.
You spent 2749 gold pieces at shops.

Inventory:

Hand Weapons
 a - a +1 giant spiked club (weapon)
   (You took it off an ogre on level 4 of the Dungeon)
 b - the +11 flail of Disgust {drain, Str+3 Stlth+}
   (You bought it in a shop on level 2 of the Orcish Mines)

   A truly terrible weapon, it drains the life of those it strikes.
   It affects your strength (+3).
   It makes you more stealthy.
Missiles
 n - 6 throwing nets
 A - 14 atropa-tipped darts
 I - 10 curare-tipped darts
 T - 15 large rocks
 U - 81 boomerangs (quivered)
Armour
 e - a scarf of repulsion (worn)
   (You found it on level 1 of the Dungeon)
 m - +0 storm dragon scales
   (You found it on level 2 of the Snake Pit)
 s - a +2 cloak of magic resistance
   (You found it in a bailey)
 x - a scarf of resistance
   (You found it on level 15 of the Dungeon)
 H - a +2 hat
   (You took it off Gastronok on level 3 of the Lair of Beasts)
 R - a +4 troll leather armour (worn)
   (You found it on level 15 of the Dungeon)
Jewellery
 h - an uncursed ring of protection from fire
   (You bought it in a shop on level 2 of the Orcish Mines)
 l - an uncursed ring of resist corrosion
   (You bought it in a shop on level 2 of the Orcish Mines)
 p - an uncursed ring of flight
   (You found it on level 6 of the Lair of Beasts)
 r - a +2 amulet of reflection (around neck)
   (You bought it in a shop on level 2 of the Orcish Mines)
 w - an uncursed ring of positive energy
   (You took it off a naga ritualist on level 2 of the Snake Pit)
 y - a ring of wizardry (right hand)
   (You found it on level 2 of the Lair of Beasts)
 C - a ring of stealth (left hand)
   (You found it on level 3 of the Dungeon)
Wands
 d - a wand of random effects (17)
   (You found it on level 3 of the Snake Pit)
 j - a wand of paralysis (7)
   (You found it on level 2 of the Snake Pit)
 o - a wand of iceblast (40)
   (You found it on level 7 of the Dungeon)
 u - a wand of enslavement (9)
   (You found it on level 2 of the Snake Pit)
 K - a wand of digging (8)
   (You took it off Harold on level 7 of the Dungeon)
 O - a wand of clouds (14)
   (You found it on level 7 of the Dungeon)
 Z - a wand of acid (9)
   (You found it on level 4 of the Lair of Beasts)
Scrolls
 g - 12 scrolls of remove curse {@r2}
 i - a scroll of fog
 q - 2 scrolls of amnesia
 t - a scroll of fear
 z - 3 scrolls of enchant armour
 L - a scroll of silence
 M - 5 scrolls of teleportation {@r4}
 N - 3 scrolls of identify {@r1}
 S - 2 scrolls of summoning
 Y - a scroll of magic mapping {unknown}
Potions
 f - a potion of haste {@q3}
 v - 4 potions of magic
 B - 7 potions of brilliance
 E - 4 potions of lignification {!q}
 J - a potion of cancellation
 P - a potion of resistance
 Q - 2 potions of mutation {!q}
 V - 3 potions of invisibility
 W - a potion of might
 X - 4 potions of stabbing
Miscellaneous
 G - a lamp of fire
   (Xom gifted it to you on level 3 of the Lair of Beasts)
Comestibles
 c - 54 rations {!d}


   Skills:
 - Level 18.5 Fighting
 - Level 18.1 Maces & Flails
 - Level 11.0 Throwing
 + Level 4.6 Armour
 - Level 10.2 Dodging
 + Level 6.3 Stealth
 - Level 5.0 Spellcasting
 * Level 5.9 Hexes
 - Level 3.0 Charms
 - Level 3.0 Translocations


You had 16 spell levels left.
You knew the following spells:

 Your Spells              Type           Power        Failure   Level  Hunger
a - Summon Butterflies    Summ           #.......     16%         1    None
b - Portal Projectile     Hex/Tloc       #####.       10%         3    ###....
c - Confusing Touch       Hex            #####...     6%          3    ###....
d - Spectral Weapon       Hex/Chrm       #####...     10%         3    ###....

Your spell library contained the following spells:

 Spells                   Type           Power        Failure   Level  Hunger
 Corona                   Hex            #####..      3%          1    None
 Tukima's Dance           Hex            #####...     6%          3    ###....
 Apportation              Tloc           ####..       7%          1    None
 Infusion                 Chrm           ####         7%          1    None
 Shroud of Golubria       Chrm/Tloc      ####..       9%          2    #......
 Song of Slaying          Chrm           ####....     9%          2    #......
 Ensorcelled Hibernation  Hex/Ice        ####..       10%         2    #......
 Swiftness                Chrm/Air       ###.....     14%         2    #......
 Animate Skeleton         Necr           N/A          16%         1    None
 Freeze                   Ice            #...         16%         1    None
 Magic Dart               Conj           #...         16%         1    None
 Summon Small Mammal      Summ           #...         16%         1    None
 Dazzling Flash           Conj/Hex       ####..       16%         3    ###....
 Gell's Gravitas          Tloc           ####......   16%         3    ###....
 Searing Ray              Conj           #.....       22%         2    #......
 Ozocubu's Armour         Chrm/Ice       ###.....     24%         3    ###....
 Call Canine Familiar     Summ           #.......     36%         3    ###....
 Fulminant Prism          Conj/Hex       ####......   36%         4    ####...
 Iskenderun's Mystic Bla  Conj/Tloc      ###.....     52%         4    ####...
 Metabolic Englaciation   Hex/Ice        ####......   65%         5    ######.
 Summon Mana Viper        Hex/Summ       ####....     65%         5    ######.
 Yara's Violent Unravell  Hex/Tmut       ####......   65%         5    ######.
 Petrify                  Tmut/Erth      #.......     71%         4    ####...
 Summon Ice Beast         Ice/Summ       #.......     71%         4    ####...
 Excruciating Wounds      Chrm/Necr      ###.......   82%         5    ######.
 Dispersal                Tloc           ####......   98%         6    #######
 Ozocubu's Refrigeration  Ice            #.........   100%        6    #######
 Summon Hydra             Summ           #.........   100%        7    #######
 Controlled Blink         Tloc           N/A          100%        8    #######
 Disjunction              Tloc           ####......   100%        8    #######


Dungeon Overview and Level Annotations

Branches:
Dungeon (15/15)            Temple (0/1) D:7            Lair (6/6) D:11
  Swamp (2/4) Lair:3        Snake (4/4) Lair:4          Orc (2/2) D:9
    Elf (0/3) Orc:2        Vaults (0/5) D:14         Depths (0/5) D:15
Ossuary (visited)          Bailey (visited)
  Slime: Lair:5-6

Altars:
Trog
Xom
Zin

Shops:
D:12 %   D:13 *   Orc:1 :   Orc:2 ([*=

Annotations:
D:9 3 runed translucent doors, Ikypnuru's ghost, novice TrTm; Maurice
D:15 Roxanne
Lair:4 3 runed translucent doors, Ojiguost's ghost, journeyman VSTm
Lair:5 2 transporters
Lair:6 exclusion: 2 oklob plants


Innate Abilities, Weirdness & Mutations

You are too large for most types of armour.
You have tough skin. (AC +1)
You have a pair of large horns on your head.
You are partially covered in rugged brown scales. (AC +1, +3% HP)
You are partially covered in thin metallic scales. (AC +2)
You are very agile. (Dex +4)
Your mind is very acute. (Int +4)
Your flesh is very cold resistant. (rC++)
Your flesh is heat resistant. (rF+)
Your natural rate of healing is unusually fast.
You are extremely robust. (+30% HP)
Your spells are much harder to cast, but much more powerful.
You evolve.
You expend magic power (3 MP) to strengthen your wands.


Message History

The anaconda bites you but does no damage.
The anaconda constricts you. You block the black mamba's attack.
The anaconda misses you. The anaconda constricts you.
The guardian serpent coils itself and waves its upper body at you.
The bolt of poison hits you!
You are more poisoned.
The naga sharpshooter casts a spell.
The naga sharpshooter magically shoots an arrow.
The arrow hits you!
You escape the anaconda's grasp.
You feel sick. The black mamba closely misses you.
The guardian serpent coils itself and performs some mystic snake dance.
The black mamba blinks!
The naga sharpshooter blinks!
The naga sharpshooter spits poison at you.
The splash of poison hits you.
You are more poisoned.
You see here 2 arrows.
You feel sick.
Xom guffaws.
The guardian serpent resists with almost no effort.
The naga sharpshooter resists with some effort.
The black mamba resists with almost no effort.
The anaconda resists with almost no effort.
The anaconda misses you. The anaconda barely misses you.
The black mamba barely misses you.
There is a stone staircase leading up here.
You see here an arrow.
You feel sick. The anaconda closely misses you. The anaconda misses you.
The black mamba bites you! The anaconda grabs you.
You stop ascending the stairs.
The anaconda barely misses you. The anaconda constricts you.
The black mamba bites you!
You are more poisoned.
The black mamba poisons you!
Casting: Spectral Weapon (safe; 10% risk of failure)
Confirm with . or Enter, or press ? or * to list all spells.
You draw out your weapon's spirit!
You feel very sick. The anaconda misses you.
* * * LOW HITPOINT WARNING * * *
The anaconda constricts you. The black mamba misses you.
The naga sharpshooter gestures wildly while chanting.
The naga sharpshooter magically shoots an arrow.
The arrow hits you.
* * * LOW HITPOINT WARNING * * *
The anaconda bites you but does no damage.
* * * LOW HITPOINT WARNING * * *
The anaconda constricts you. The black mamba misses you.
You barely miss the anaconda. You headbutt the anaconda!
The anaconda is moderately wounded.
You feel sick. The anaconda closely misses you. The anaconda constricts you.
The black mamba bites you!
* * * LOW HITPOINT WARNING * * *
The naga sharpshooter shoots an arrow.
You reflect the arrow off an invisible shield around you!
The arrow closely misses the naga sharpshooter.
You miss the anaconda.
The anaconda is moderately wounded.
You feel very sick.
Your spectral weapon hits the anaconda.
The anaconda barely misses you. The anaconda constricts you.
The black mamba barely misses you. The anaconda bites you!
* * * LOW HITPOINT WARNING * * *
x2 The anaconda constricts you.
The naga sharpshooter mumbles some strange words.
The naga sharpshooter magically shoots an arrow.
The arrow is repelled.
The black mamba bites you.
* * * LOW HITPOINT WARNING * * *
You barely miss the anaconda. You headbutt the anaconda.
The anaconda is moderately wounded.
You feel very sick.
Your spectral weapon hits the anaconda!!
The anaconda closely misses you.
* * * LOW HITPOINT WARNING * * *
The anaconda constricts you. The black mamba closely misses you.
The naga sharpshooter shoots an arrow.
The arrow closely misses you. The anaconda bites you.
* * * LOW HITPOINT WARNING * * *
x2 The anaconda constricts you.
You impale the anaconda!!
You kill the anaconda!
You feel sick. The black mamba bites you.
* * * LOW HITPOINT WARNING * * *
You are more poisoned.
The black mamba poisons you!
The guardian serpent coils itself and waves its upper body at you.
The bolt of poison hits the black mamba.
The bolt of poison misses you.
Xom is highly amused!
You block the black mamba's attack.
The naga sharpshooter shoots an arrow.
The arrow hits you!
* * * LOW HITPOINT WARNING * * *
You feel very sick. The black mamba bites you.
* * * LOW HITPOINT WARNING * * *
You are more poisoned.
The black mamba poisons you!
The guardian serpent hits you but does no damage.
The black mamba completely misses you.
The naga sharpshooter spits poison at you.
The splash of poison is repelled.
You climb upwards.
Your summoned ally is left behind.
Your spectral weapon fades away.
You feel very sick.
There is a stone staircase leading down, spattered with blood here.
Unknown command.
You feel better.
The guardian serpent casts a spell at you.
The bolt of poison hits you!!
You are poisoned.
* * * LOW HITPOINT WARNING * * *
The bolt of poison hits the naga sharpshooter.
The naga sharpshooter is poisoned.
The black mamba bites you!
* * * LOW HITPOINT WARNING * * *
The guardian serpent hits you!
* * * LOW HITPOINT WARNING * * *
The naga sharpshooter casts a spell.
The naga sharpshooter magically shoots an arrow.
The arrow is repelled.
The black mamba closely misses you.
Unknown command.
Blink to where?
Press: ? - help, Dir - move target cursor You are very lightly contaminated with residual magic.
As you read the scroll of blinking, it crumbles to dust.
You feel sick.
As you read the scroll of fog, it crumbles to dust.
The scroll dissolves into smoke.
You feel sick.
You feel sick.
You feel sick. The black mamba bites you.
* * * LOW HITPOINT WARNING * * *
You are more poisoned.
The black mamba poisons you!
You beat the black mamba like a drum!!!
You kill the black mamba!
You feel very sick.
You feel sick.
You hammer the guardian serpent like a gong!!!
The guardian serpent is almost dead.
You feel sick. The guardian serpent hits you!
* * * LOW HITPOINT WARNING * * *
You hit the guardian serpent but do no damage.
The guardian serpent is almost dead.
* * * LOW HITPOINT WARNING * * *
You feel sick.
The guardian serpent hits you but does no damage.
The guardian serpent hits you.
You die...
Xom yawns loudly!

...##.....## #......###..####..
...#.......## ##....###..####...
#...........## ##...###..###....
##...#.......## #..###..#.......
##...##.......# ######..........
.##.####......## ##§.........#
..#.# ##......# ####§§§........#
..._## #......###.§§§..........#
.....## ##......@S§§§§..........#
.....)#####.....###§§§..........#
...)........#....##.§..S.......##
.........#####..####....S......##
.......### #### #.....N......#
.......# #.......N..#.. ......##
##.........##. ......#
#.........### ##...## #.....#...#
#


You could see a guardian serpent.

Vanquished Creatures
  Vashnia (Snake:3)
  Gastronok (Lair:3)
  Donald (Snake:2)
  3 nagarajas
  An orc warlord (Orc:2)
  Aizul (Snake:1)
  Nessos (Lair:5)
  Azrael (D:14)
  5 dire elephants (Lair:6)
  Josephine (Lair:5)
  Erolcha (D:11)
  10 naga warriors
  Harold (D:7)
  2 shambling mangroves
  2 hydras
  7 anacondas
  3 centaur warriors
  Erica (D:10)
  2 dancing weapons (D:14)
  A death knight (D:13)
  A queen ant (Lair:3)
  An ogre mage (D:15)
  5 two-headed ogres
  6 alligators
  2 orc high priests (Orc:2)
  7 naga sharpshooters
  7 shock serpents
  Sonja (D:13)
  A skeletal warrior (D:15)
  A sea snake (Lair:6)
  2 naga ritualists (Snake:2)
  3 unseen horrors
  A glowing orange brain (shapeshifter) (Lair:3)
  2 phantasmal warriors (D:13)
  A wizard (D:15)
  A swamp dragon (Swamp:2)
  6 orc knights
  Pikel (D:7)
  A wolf spider zombie (D:15)
  A deep elf mage (D:15)
  A lindwurm (Lair:5)
  2 oklob plants (Snake:2)
  A necromancer (D:15)
  4 ugly things
  11 mana vipers
  6 orc sorcerers
  4 cyclopes
  Joseph (D:9)
  7 salamanders
  4 elephants
  Psyche (D:9)
  27 black mambas
  2 centaur zombies
  5 gargoyles
  2 guardian serpents
  11 spiny frogs
  9 centaur skeletons
  11 naga magi
  2 rime drakes
  9 komodo dragons
  A kobold demonologist (D:14)
  2 freezing wraiths (D:13)
  5 trolls
  3 meliai (D:14)
  A queen bee (D:14)
  Prince Ribbit (D:8)
  5 hornets
  2 tyrant leeches (Swamp:1)
  2 polar bears
  A bog body (Swamp:1)
  8 hippogriffs
  Sigmund (D:4)
  A spriggan (D:8)
  A shadow (D:14)
  A human (D:12)
  6 wraiths
  26 yaks
  3 hungry ghosts
  A fire elemental (D:14)
  6 wyverns
  4 water elementals (D:15)
  2 vampire mosquitoes
  A steam dragon (D:7)
  4 insubstantial wisps (Swamp:2)
  41 nagas
  A warg (Orc:2)
  6 swamp worms
  12 soldier ants
  16 water moccasins
  Duvessa (D:4)
  7 hell hounds (D:14)
  3 porcupines
  35 orc warriors
  A slave (D:7)
  6 swamp drakes
  A black bear (Lair:2)
  A sky beast (D:15)
  A necrophage (D:11)
  A black bear (shapeshifter) (D:14)
  11 ogres
  10 wolves
  12 centaurs
  15 crocodiles
  3 big kobolds
  2 gnoll sergeants
  20 bullfrogs
  Dowan (D:4)
  6 jellies
  5 scorpions
  20 killer bees (D:14)
  A howler monkey (D:4)
  4 electric eels
  11 crimson imps
  2 quasits
  18 orc priests
  2 hounds
  A bullfrog skeleton (D:6)
  Terence (D:3)
  Ijyb (D:4)
  Natasha (thrice) (D:3)
  An iguana (D:6)
  35 orc wizards
  20 worker ants
  8 mummies (Ossuary)
  A howler monkey skeleton (D:5)
  20 gnolls
  17 adders
  4 shadow imps
  2 white imps (D:14)
  An ooze (D:2)
  An adder zombie (D:9)
  An adder skeleton (D:6)
  4 worms
  4 leopard geckos
  105 orcs
  12 bats
  6 giant cockroaches
  2 gnoll zombies (Ossuary)
  9 goblins
  13 hobgoblins
  13 jackals
  33 kobolds
  6 quokkas
  A ball python (Lair:4)
  4 frilled lizards
  2 hobgoblin zombies (Ossuary)
  4 orc zombies (Ossuary)
  A quokka zombie (D:3)
  6 rats
  A fungus (Lair:5)
  4 plants
928 creatures vanquished.

Vanquished Creatures (collateral kills)
  A two-headed ogre (D:12)
  An orc high priest (Orc:2)
  A deep elf mage (D:12)
  An ugly thing (D:12)
  2 cyclopes
  A gargoyle (D:12)
  3 hippogriffs
  A yak (D:12)
  4 nagas (Snake:2)
  2 orc warriors (Orc:2)
  An ogre (D:12)
  2 orc wizards (Orc:2)
  2 orc priests (Orc:2)
  A jelly (D:12)
  7 orcs
30 creatures vanquished.

Vanquished Creatures (others)
  A dancing weapon (Orc:2)
  A skeletal warrior (D:15)
  2 wizards (D:15)
  A phantasmal warrior (D:15)
  A redback (Lair:3)
  A yak (D:11)
  A warg (Orc:1)
  2 nagas (Snake:3)
  A swamp drake (Swamp:1)
  3 orc warriors
  An eye of draining (D:5)
  A bullfrog zombie (D:13)
  6 orc priests
  An orc wizard (D:11)
  A hound skeleton (D:7)
  A worker ant zombie (D:7)
  4 orcs
  A jackal (D:11)
  13 plants
  6 spectral weapons
49 creatures vanquished.

Grand Total: 1007 creatures vanquished

Notes
Turn   | Place    | Note
-------+----------+-------------------------------------------
     0 | D:1      | CryoSword the Ogre Chaos Knight began the quest for the
                  | Orb.
     0 | D:1      | Reached XP level 1. HP: 24/24 MP: 1/1
   143 | D:1      | Reached XP level 2. HP: 32/32 MP: 2/2
   174 | D:1      | HP: 1/32 [hobgoblin (1)]
   527 | D:1      | XOM: silly message
   573 | D:1      | XOM: harmless Fire miscast
   723 | D:1      | Reached XP level 3. HP: 39/40 MP: 3/3
  1004 | D:1      | XOM: cloud trail
  1238 | D:1      | Reached skill level 1 in Throwing
  1452 | D:2      | Reached XP level 4. HP: 40/49 MP: 4/4
  1712 | D:2      | XOM: harmless Pois miscast
  1985 | D:2      | XOM: god gift: ration
  2337 | D:3      | XOM: cloud trail
  2418 | D:3      | Reached XP level 5. HP: 54/55 MP: 5/5
  2522 | D:3      | XOM: noise
  2525 | D:3      | Reached skill level 5 in Fighting
  2591 | D:3      | Noticed Terence
  2598 | D:3      | Killed Terence
  2706 | D:3      | Noticed Natasha
  2721 | D:3      | Killed Natasha
  2721 | D:3      | Reached XP level 6. HP: 32/66 MP: 2/6
  2971 | D:3      | Noticed Natasha
  2971 | D:3      | XOM: summons friendly shadow imp
  2972 | D:3      | XOM: divination: magic mapping
  2976 | D:3      | Killed Natasha
  3070 | D:3      | Noticed Natasha
  3075 | D:3      | Killed Natasha
  3241 | D:4      | XOM: confusion (+ monsters)
  3286 | D:4      | Noticed Ijyb
  3287 | D:4      | Noticed Duvessa
  3291 | D:4      | Killed Ijyb
  3291 | D:4      | Noticed Dowan
  3293 | D:4      | XOM: enchant monster (good)
  3301 | D:4      | Killed Duvessa
  3301 | D:4      | XOM: potion effect (haste)
  3310 | D:4      | Killed Dowan
  3310 | D:4      | Reached skill level 5 in Maces & Flails
  3310 | D:4      | Reached XP level 7. HP: 63/74 MP: 5/7
  3493 | D:4      | XOM: butterfly on damage
  3650 | D:4      | Found a sand-covered staircase.
  3655 | Ossuary  | Entered an ossuary
  3721 | Ossuary  | XOM: divination: detect creatures
  3732 | Ossuary  | HP: 2/74 [mummy (13)]
  3737 | Ossuary  | XOM: potion effect (haste)
  3762 | Ossuary  | Reached XP level 8. HP: 22/83 MP: 2/8
  3945 | Ossuary  | XOM: harmless Erth miscast
  4124 | Ossuary  | XOM: fog
  4403 | D:4      | Noticed Sigmund
  4418 | D:4      | XOM: confuse monster(s)
  4420 | D:4      | XOM: harmless Tloc miscast
  4473 | D:4      | Killed Sigmund
  4507 | D:4      | XOM: summons friendly white imp
  4542 | D:4      | XOM: polymorph white imp -> ufetubus
  4667 | D:5      | Entered Level 5 of the Dungeon
  4990 | D:5      | XOM: swap monsters
  5726 | D:5      | XOM: medium Hex miscast
  5862 | D:5      | XOM: divination: magic mapping
  6081 | D:6      | You fall into a shaft and drop 1 floor!
  6101 | D:7      | Noticed a hippogriff
  6112 | D:7      | Reached XP level 9. HP: 89/89 MP: 9/9
  6169 | D:7      | XOM: god gift: book of the Warp
  6217 | D:7      | XOM: polymorph bullfrog -> steam dragon
  6470 | D:7      | Found a staircase to the Ecumenical Temple.
  6608 | D:7      | Noticed Pikel
  6623 | D:7      | XOM: harmless Pois miscast
  6637 | D:7      | XOM: silly message
  6652 | D:7      | XOM: summons 9 friendly demons
  6672 | D:7      | Reached skill level 10 in Maces & Flails
  6673 | D:7      | XOM: summons friendly ufetubus
  6679 | D:7      | Killed Pikel
  6719 | D:7      | XOM: give mutations
  6719 | D:7      | Gained mutation: You expend magic power (3 MP) to
                  | strengthen your wands. [Xom's grace]
  6719 | D:7      | Gained mutation: Your flesh is cold resistant. (rC+) [Xom's
                  | grace]
  6768 | D:7      | Found a glowing silver altar of Zin.
  6927 | D:7      | XOM: noise
  7427 | D:6      | XOM: harmless Chrm miscast
  7566 | D:6      | XOM: draining
  7842 | D:8      | Noticed Harold
  7846 | D:8      | XOM: summons friendly iron imp
  7895 | D:7      | XOM: confuse monster(s)
  7913 | D:7      | HP: 3/89 [Harold/+0 flail (13)]
  7914 | D:7      | Killed Harold
  7914 | D:7      | Reached XP level 10. HP: 4/98 MP: 0/10
  8365 | D:7      | XOM: give mutations
  8365 | D:7      | Gained mutation: You are weak. (Str -2) [Xom's mischief]
  8365 | D:7      | Gained mutation: Your natural rate of healing is unusually
                  | fast. [Xom's mischief]
  8365 | D:7      | Gained mutation: Your system is resistant to poisons.
                  | (rPois) [Xom's mischief]
  8365 | D:7      | Lost mutation: You are weak. (Str -2) [Xom's mischief]
  8495 | D:8      | XOM: harmless Pois miscast
  8835 | D:8      | Noticed Prince Ribbit
  8843 | D:8      | XOM: mild Tmut miscast
  8845 | D:8      | XOM: harmless Necr miscast
  8851 | D:8      | Killed Prince Ribbit
  9018 | D:9      | XOM: harmless Tloc miscast
  9043 | D:9      | Found a runed translucent gate.
  9047 | D:9      | Found a runed translucent gate.
  9047 | D:9      | Found a runed translucent gate.
  9047 | D:9      | Noticed Ikypnuru's ghost (novice TrTm)
  9050 | D:9      | Noticed Joseph
  9089 | D:9      | XOM: divination: detect items
  9094 | D:9      | Killed Joseph
  9198 | D:9      | You fall into a shaft and drop 3 floors!
  9311 | D:12     | Noticed a gargoyle
  9314 | D:12     | Noticed a gargoyle
  9318 | D:12     | Killed a gargoyle
  9328 | D:12     | Killed a gargoyle
  9365 | D:12     | XOM: god gift: ration
  9399 | D:12     | Noticed a gargoyle
  9400 | D:12     | XOM: cast spell 'Summon Dragon'
  9405 | D:12     | Killed a gargoyle
  9442 | D:12     | Noticed a green ugly thing
  9447 | D:12     | Killed a green ugly thing
  9452 | D:12     | Noticed a two-headed ogre
  9459 | D:12     | Killed a two-headed ogre
  9459 | D:12     | Reached XP level 11. HP: 109/109 MP: 11/11
  9474 | D:12     | Reached skill level 5 in Dodging
  9522 | D:12     | Noticed a cyclops
  9536 | D:12     | Killed a cyclops
  9536 | D:12     | Reached skill level 5 in Throwing
  9545 | D:12     | Found Sapoj's Food Emporium.
  9555 | D:12     | Noticed a deep elf mage
  9560 | D:12     | Killed a deep elf mage
  9613 | D:12     | XOM: polymorph yak -> human
  9614 | D:12     | XOM: scenery: create altars
  9616 | D:12     | XOM: summons friendly shadow imp
  9719 | D:12     | XOM: scenery: create altars
  9742 | D:12     | XOM: give mutations
  9742 | D:12     | Gained mutation: You are somewhat resistant to further
                  | mutation. [Xom's grace]
  9742 | D:12     | Gained mutation: You have a pair of small horns on your
                  | head. [Xom's grace]
  9742 | D:12     | Gained mutation: You can translocate small distances at
                  | will. [Xom's grace]
  9763 | D:11     | Noticed a cyclops
  9766 | D:11     | XOM: enchant monster (good)
  9767 | D:11     | Noticed Erolcha
  9888 | D:12     | Noticed a cyclops
  9888 | D:12     | XOM: enchant monster (good)
  9921 | D:12     | Killed a cyclops
 10012 | D:11     | Noticed a cyclops
 10020 | D:11     | XOM: confuse monster(s)
 10035 | D:11     | Killed a cyclops
 10161 | D:11     | Killed an unseen horror
 10310 | D:11     | Learned a level 1 spell: Summon Butterflies
 10314 | D:11     | Learned a level 3 spell: Portal Projectile
 10330 | D:11     | XOM: harmless Necr miscast
 10343 | D:10     | Entered Level 10 of the Dungeon
 10363 | D:9      | XOM: 1-stop teleportation journey
 10523 | D:9      | Noticed Psyche
 10533 | D:9      | XOM: noise
 10551 | D:9      | XOM: noise
 10565 | D:9      | XOM: harmless Erth miscast
 10572 | D:9      | Killed Psyche
 10672 | D:9      | Found a staircase to the Orcish Mines.
 10792 | D:9      | You fall into a shaft and drop 3 floors!
 10826 | D:12     | XOM: mild Conj miscast
 10934 | D:10     | Noticed a two-headed ogre
 10942 | D:10     | Killed a two-headed ogre
 10974 | D:9      | Got a fine battleaxe
 11046 | D:9      | Noticed Maurice
 11189 | D:9      | XOM: give mutation
 11189 | D:9      | Gained mutation: Your spells are a little harder to cast,
                  | but a little more powerful. [Xom's grace]
 11292 | D:10     | Noticed Erica
 11303 | D:9      | XOM: cast spell 'Summon Butterflies'
 11318 | D:10     | XOM: scenery: create altars
 11357 | D:9      | XOM: summons 5 hostile demons
 11509 | D:10     | XOM: god gift: wand of enslavement (5)
 11563 | D:9      | Identified the +10 battleaxe "Fiolih" {venom, Fragile
                  | Str+8} (You found it on level 9 of the Dungeon)
 11704 | D:9      | HP: 1/115 [Maurice/stone (8)]
 11728 | D:9      | XOM: scenery: create altars
 11783 | D:9      | XOM: give mutations
 11783 | D:9      | Gained mutation: Your muscles are strong. (Str +2) [Xom's
                  | grace]
 11783 | D:9      | Gained mutation: You are partially covered in thin metallic
                  | scales. (AC +2) [Xom's grace]
 11783 | D:9      | Gained mutation: You are robust. (+10% HP) [Xom's grace]
 11783 | D:9      | Gained mutation: Your flesh is very cold resistant. (rC++)
                  | [Xom's grace]
 12082 | D:10     | XOM: scenery: create altars
 12084 | D:10     | XOM: cleaving
 12130 | D:10     | Killed Erica
 12130 | D:10     | Reached XP level 12. HP: 95/136 MP: 9/12
 12220 | D:10     | XOM: god gift: 17 gold pieces
 12388 | D:11     | Killed Erolcha
 12401 | D:11     | XOM: scenery: 2 doors close
 12536 | D:11     | XOM: divine lightning
 12557 | D:11     | Reached skill level 10 in Fighting
 12737 | D:11     | XOM: give mutations
 12737 | D:11     | Gained mutation: You are partially covered in large bone
                  | plates. (SH +4) [Xom's grace]
 12737 | D:11     | Gained mutation: You are partially covered in rugged brown
                  | scales. (AC +1, +3% HP) [Xom's grace]
 12907 | D:11     | XOM: destruction
 13088 | D:11     | Found a staircase to the Lair.
 13631 | D:12     | XOM: harmless Summ miscast
 13636 | D:12     | XOM: give mutation
 13636 | D:12     | Lost mutation: You are somewhat resistant to further
                  | mutation. [Xom's grace]
 13636 | D:12     | Gained mutation: You evolve. [Xom's grace]
 13724 | D:12     | XOM: god gift: 2630 gold pieces
 13868 | D:13     | XOM: enchant monster (bad)
 13882 | D:13     | XOM: cleaving
 14021 | D:13     | Found Xicix's General Store.
 14026 | D:13     | Bought a scroll of identify for 30 gold pieces
 14026 | D:13     | Bought a scroll of acquirement for 780 gold pieces
 14026 | D:13     | Bought a scroll of enchant armour for 112 gold pieces
 14026 | D:13     | Identified the +0 hat "Wippim" {*Contam Dex+3 Slay+2
                  | Stlth+} (You acquired it on level 13 of the Dungeon)
 14151 | Lair:1   | Entered Level 1 of the Lair of Beasts
 14193 | Lair:1   | XOM: god gift: 58 gold pieces
 14454 | Lair:1   | Noticed a five-headed hydra
 14457 | Lair:1   | XOM: summons 12 friendly demons
 14459 | Lair:1   | Killed a five-headed hydra
 14540 | Lair:1   | Gained mutation: You have a pair of horns on your head.
                  | [evolution]
 14725 | Lair:1   | XOM: snakes to sticks
 15009 | Lair:2   | You fall into a shaft and drop 2 floors!
 15009 | Lair:4   | Found a runed translucent gate.
 15009 | Lair:4   | Found a runed translucent gate.
 15009 | Lair:4   | Found a runed translucent gate.
 15009 | Lair:4   | Noticed a 12-headed hydra
 15009 | Lair:4   | Noticed Ojiguost's ghost (journeyman VSTm)
 15010 | Lair:4   | Noticed a ten-headed hydra
 15141 | Lair:3   | XOM: cleaving
 15170 | Lair:3   | Found a staircase to the Swamp.
 15175 | Lair:3   | Noticed Gastronok
 15180 | Lair:3   | Noticed Snorg
 15187 | Lair:3   | XOM: enchant monster (good)
 15206 | Lair:3   | XOM: summons friendly iron imp
 15212 | Lair:3   | Noticed Snorg
 15212 | Lair:3   | Snorg changed into Snorg the redback
 15212 | Lair:3   | XOM: polymorph Snorg -> Snorg the redback
 15216 | Lair:3   | Your ally Snorg died
 15235 | Lair:3   | Killed Gastronok
 15339 | Lair:3   | XOM: polymorph worker ant -> worm
 15355 | Lair:3   | XOM: 2-stop teleportation journey
 15505 | Lair:2   | Reached XP level 13. HP: 117/157 MP: 10/13
 15636 | Lair:2   | XOM: polymorph wolf -> porcupine
 15828 | Lair:2   | XOM: god gift: 2 throwing nets
 15937 | Lair:2   | XOM: give mutations
 15937 | Lair:2   | Gained mutation: You are very robust. (+20% HP) [Xom's
                  | grace]
 15937 | Lair:2   | Gained mutation: You have large cloven feet. [Xom's grace]
 15937 | Lair:2   | Gained mutation: You are agile. (Dex +2) [Xom's grace]
 15937 | Lair:2   | Gained mutation: You possess an exceptional clarity of
                  | mind. [Xom's grace]
 16124 | Lair:3   | XOM: enchant monster (good)
 16131 | Lair:3   | Reached skill level 15 in Maces & Flails
 16261 | Lair:3   | XOM: polymorph soldier ant -> glowing shapeshifter
 16284 | Lair:3   | XOM: 1-stop teleportation journey
 16489 | Lair:3   | XOM: scenery: create altars
 16524 | Lair:3   | XOM: god gift: lamp of fire
 16646 | Lair:4   | XOM: give mutations
 16646 | Lair:4   | Lost mutation: You have a pair of horns on your head.
                  | [Xom's mischief]
 16646 | Lair:4   | Lost mutation: Your muscles are strong. (Str +2) [Xom's
                  | mischief]
 16646 | Lair:4   | Lost mutation: Your spells are a little harder to cast, but
                  | a little more powerful. [Xom's mischief]
 16646 | Lair:4   | Lost mutation: You can translocate small distances at will.
                  | [Xom's mischief]
 17011 | Lair:4   | Found a staircase to the Snake Pit.
 17038 | Lair:4   | XOM: 1-stop teleportation journey
 17179 | Lair:4   | XOM: stat loss: -1 Str (18/19)
 17250 | Lair:4   | XOM: harmless Conj miscast
 17390 | Lair:4   | XOM: torment (94/173 hp)
 17549 | Lair:5   | Noticed Nessos
 17559 | Lair:5   | XOM: blink monster(s)
 17639 | Lair:5   | XOM: mild Air miscast
 17704 | Lair:5   | XOM: give mutations
 17704 | Lair:5   | Lost mutation: Your system is resistant to poisons. (rPois)
                  | [Xom's mischief]
 17704 | Lair:5   | Lost mutation: You expend magic power (3 MP) to strengthen
                  | your wands. [Xom's mischief]
 17709 | Lair:5   | XOM: mild Fire miscast
 17710 | Lair:5   | XOM: enchant monster (bad)
 17715 | Lair:5   | Killed Nessos
 17786 | Lair:5   | Noticed Josephine
 17789 | Lair:5   | XOM: noise
 17796 | Lair:5   | XOM: swap monsters
 17804 | Lair:5   | XOM: scenery: create altars
 17806 | Lair:5   | XOM: summons friendly quasit
 17935 | Lair:5   | Killed Josephine
 17959 | Lair:5   | Lost mutation: You possess an exceptional clarity of mind.
                  | [evolution]
 17970 | Lair:5   | XOM: enchant monster (bad)
 17994 | Lair:5   | Found a transporter.
 18058 | Lair:5   | XOM: cloud trail
 18103 | Lair:5   | XOM: god gift: potion of curing
 18119 | Lair:5   | Found a transporter.
 18419 | Lair:6   | Entered Level 6 of the Lair of Beasts
 19509 | Lair:6   | Reached XP level 14. HP: 152/191 MP: 12/14
 19513 | Lair:6   | Noticed a dire elephant
 19530 | Lair:6   | Noticed a dire elephant
 19535 | Lair:6   | Noticed a dire elephant
 19706 | Lair:6   | XOM: harmless Erth miscast
 19715 | Lair:6   | Killed a dire elephant
 19750 | Lair:6   | Noticed a dire elephant
 19770 | Lair:6   | Killed a dire elephant
 19933 | Lair:6   | XOM: harmless Necr miscast
 19941 | Lair:6   | XOM: polymorph elephant -> sea snake
 19943 | Lair:6   | XOM: swap monsters
 19947 | Lair:6   | XOM: enchant monster (good)
 19958 | Lair:6   | XOM: god gift: potion of heal wounds
 19965 | Lair:6   | XOM: summons 3 friendly demons
 19979 | Lair:6   | XOM: give mutations
 19979 | Lair:6   | Lost mutation: You have a pair of small horns on your head.
                  | [Xom's mischief]
 19979 | Lair:6   | Gained mutation: You are extremely robust. (+30% HP) [Xom's
                  | mischief]
 19979 | Lair:6   | Lost mutation: You evolve. [Xom's mischief]
 19979 | Lair:6   | Lost mutation: You are partially covered in large bone
                  | plates. (SH +4) [Xom's mischief]
 20092 | Lair:6   | XOM: destruction
 20104 | Lair:6   | Killed a dire elephant
 20360 | Lair:6   | Noticed a dire elephant
 20360 | Lair:6   | Noticed a dire elephant
 20363 | Lair:6   | XOM: noise
 20385 | Lair:6   | XOM: give mutation
 20385 | Lair:6   | Lost mutation: You have large cloven feet. [Xom's mischief]
 20403 | Lair:6   | Killed a dire elephant
 20448 | Lair:6   | Killed a dire elephant
 20462 | Lair:6   | Identified the Compendium of Icy Aid
 20774 | Orc:1    | Entered Level 1 of the Orcish Mines
 20776 | Orc:1    | Reached skill level 1 in Hexes
 20908 | D:9      | Reached skill level 1 in Translocations
 21083 | Orc:1    | XOM: 3-stop teleportation journey
 21145 | Orc:1    | XOM: enchant monster (bad)
 21184 | Orc:1    | XOM: give mutations
 21184 | Orc:1    | Gained mutation: You are very agile. (Dex +4) [Xom's grace]
 21184 | Orc:1    | Gained mutation: Your mind is acute. (Int +2) [Xom's grace]
 21184 | Orc:1    | Gained mutation: Your mind is very acute. (Int +4) [Xom's
                  | grace]
 21259 | Orc:1    | Found a flagged portal.
 21274 | Bailey   | Entered a bailey
 21413 | Bailey   | XOM: god gift: 24 gold pieces
 21468 | Bailey   | XOM: scenery: 5 doors close
 21469 | Bailey   | XOM: confuse monster(s)
 21484 | Bailey   | XOM: noise
 21613 | Orc:1    | Found Luarch's Book Emporium.
 21720 | Orc:1    | XOM: god gift: 24 sling bullets
 22000 | Orc:1    | XOM: god gift: 60 gold pieces
 22067 | Orc:2    | Entered Level 2 of the Orcish Mines
 22070 | Orc:2    | Reached skill level 15 in Fighting
 22444 | Orc:2    | XOM: god gift: 3 rations
 22450 | Orc:2    | Found a staircase to the Elven Halls.
 22500 | Orc:2    | XOM: divination: detect items
 22504 | Orc:2    | XOM: summons friendly quasit
 22507 | Orc:2    | XOM: destruction
 22526 | Orc:2    | XOM: cleaving
 22530 | Orc:2    | XOM: scenery: create altars
 22829 | Orc:2    | XOM: harmless Summ miscast
 22842 | Orc:2    | XOM: draining
 22856 | Orc:2    | Noticed an orc warlord
 23067 | Orc:2    | Killed an orc warlord
 23139 | Orc:2    | XOM: draining
 23161 | Orc:2    | XOM: chaos upgrade
 23167 | Orc:2    | XOM: blink monster(s)
 23532 | Orc:2    | XOM: polymorph orc wizard -> scorpion
 23666 | Orc:2    | XOM: summons 2 friendly demons
 23743 | Orc:2    | Found Fost's General Store.
 23744 | Orc:2    | Found Galuithri's Jewellery Shoppe.
 23745 | Orc:2    | Found Nyoguin's Antique Armour Shoppe.
 23745 | Orc:2    | Found Xorezut's Antique Weapon Emporium.
 23759 | Orc:2    | Bought a scroll of fog for 28 gold pieces
 23760 | Orc:2    | Bought an uncursed ring of resist corrosion for 280 gold
                  | pieces
 23937 | Orc:2    | Identified the +1 animal skin of Daapy {rF+} (You acquired
                  | it on level 2 of the Orcish Mines)
 24001 | Orc:2    | Bought an uncursed ring of protection from fire for 350
                  | gold pieces
 24001 | Orc:2    | Bought a +2 amulet of reflection for 105 gold pieces
 24002 | Orc:2    | Bought an uncursed ring of protection from cold for 350
                  | gold pieces
 24011 | Orc:2    | Bought a translucent whip for 180 gold pieces
 24011 | Orc:2    | Bought a transparent flail for 204 gold pieces
 24012 | Orc:2    | Identified the +11 flail of Disgust {drain, Str+3 Stlth+}
                  | (You bought it in a shop on level 2 of the Orcish Mines)
 24014 | Orc:2    | Identified the +5 whip of Instinct {holy, rF- MR+ Str+3
                  | Int+9} (You bought it in a shop on level 2 of the Orcish
                  | Mines)
 24141 | D:10     | XOM: harmless Tmut miscast
 24207 | D:13     | Bought a wand of digging (4) for 240 gold pieces
 24207 | D:13     | Bought a scroll of fog for 30 gold pieces
 24207 | D:13     | Bought a potion of brilliance for 60 gold pieces
 24363 | D:13     | Noticed Sonja
 24368 | D:13     | Killed Sonja
 24458 | D:13     | XOM: swap monsters
 24519 | D:13     | XOM: harmless Hex miscast
 24520 | D:13     | XOM: enchant monster (bad)
 24814 | D:13     | Reached skill level 10 in Throwing
 24953 | D:13     | Reached skill level 1 in Stealth
 25170 | D:13     | Reached XP level 15. HP: 192/224 MP: 12/15
 25469 | D:14     | XOM: mild Fire miscast
 25490 | D:14     | XOM: blink monster(s)
 25633 | D:14     | XOM: enchant monster (bad)
 25710 | D:14     | XOM: swap monsters
 25979 | D:14     | Noticed Azrael
 25984 | D:14     | XOM: enchant monster (bad)
 26000 | D:14     | XOM: noise
 26003 | D:14     | XOM: swap monsters
 26014 | D:14     | XOM: blink monster(s)
 26016 | D:14     | XOM: summons friendly white imp
 26197 | D:14     | Found a gate to the Vaults.
 26289 | D:14     | XOM: mild Ice miscast
 26305 | D:14     | XOM: chaos upgrade
 26342 | D:14     | Killed Azrael
 26650 | D:15     | Entered Level 15 of the Dungeon
 26708 | D:15     | XOM: summons friendly ufetubus
 26718 | D:15     | XOM: summons 6 friendly demons
 26914 | D:15     | XOM: smoke on damage
 26923 | D:15     | Learned a level 3 spell: Confusing Touch
 26949 | D:15     | XOM: polymorph death knight -> elephant
 26958 | D:15     | XOM: fog
 26978 | D:15     | XOM: divine lightning
 27154 | D:15     | XOM: 9-stop teleportation journey
 27161 | D:15     | XOM: scenery: 2 doors open
 27172 | D:15     | Reached skill level 1 in Spellcasting
 27173 | D:15     | XOM: cleaving
 27486 | D:15     | XOM: divination: magic mapping
 27492 | D:15     | XOM: confuse monster(s)
 27521 | D:15     | XOM: enchant monster (bad)
 27538 | D:15     | XOM: divination: detect items
 27664 | D:15     | XOM: give mutations
 27664 | D:15     | Gained mutation: You have a pair of small horns on your
                  | head. [Xom's grace]
 27664 | D:15     | Gained mutation: You expend magic power (3 MP) to
                  | strengthen your wands. [Xom's grace]
 27868 | D:15     | XOM: god gift: wand of clouds (7)
 27883 | D:15     | XOM: god gift: potion of cancellation
 27962 | D:15     | Noticed Roxanne
 28036 | D:15     | XOM: divine lightning
 28057 | D:15     | XOM: summons 2 friendly demons
 28076 | D:15     | Found a staircase to the Depths.
 28492 | Swamp:1  | Entered Level 1 of the Swamp
 28506 | Lair:3   | XOM: polymorph alligator -> anaconda
 28556 | Lair:3   | XOM: give mutations
 28556 | Lair:3   | Gained mutation: Your spells are a little harder to cast,
                  | but a little more powerful. [Xom's grace]
 28556 | Lair:3   | Gained mutation: Your muscles are strong. (Str +2) [Xom's
                  | grace]
 28895 | Swamp:1  | XOM: 1-stop teleportation journey
 28952 | Swamp:1  | XOM: polymorph swamp dragon -> komodo dragon
 28990 | Swamp:1  | XOM: scenery: create altars
 29058 | Swamp:1  | XOM: divination: magic mapping
 29061 | Swamp:1  | XOM: summons 3 friendly demons
 29063 | Swamp:1  | XOM: cleaving
 29069 | Swamp:1  | Paralysed by a hornet for 2 turns
 29149 | Swamp:1  | XOM: god gift: leather armour {god gift}
 29240 | Swamp:1  | XOM: harmless Chrm miscast
 29417 | Swamp:2  | XOM: blink monster(s)
 29428 | Swamp:2  | Reached XP level 16. HP: 233/243 MP: 20/20
 29444 | Swamp:2  | XOM: noise
 29616 | Swamp:2  | XOM: scenery: 1 doors close
 29652 | Swamp:2  | XOM: divination: detect creatures
 29674 | Swamp:2  | XOM: destruction
 29686 | Swamp:2  | Reached skill level 1 in Armour
 29689 | Swamp:2  | Paralysed by a hornet for 2 turns
 29703 | Swamp:1  | XOM: god gift: book of Maledictions
 29779 | Snake:1  | Entered Level 1 of the Snake Pit
 29781 | Snake:1  | XOM: fake destruction
 29925 | Snake:1  | XOM: scenery: create altars
 29983 | Snake:1  | XOM: polymorph naga ritualist -> salamander
 29994 | Snake:1  | XOM: scenery: create altars
 30138 | Snake:1  | XOM: give mutations
 30138 | Snake:1  | Gained mutation: Your spells are harder to cast, but more
                  | powerful. [Xom's grace]
 30138 | Snake:1  | Gained mutation: Your flesh is heat resistant. (rF+) [Xom's
                  | grace]
 30304 | Snake:1  | Found a bloodstained altar of Trog.
 30304 | Snake:1  | XOM: 8-stop teleportation journey
 30312 | Snake:1  | Noticed Aizul
 30322 | Snake:1  | XOM: divine lightning
 30325 | Snake:1  | Killed Aizul
 30351 | Snake:1  | XOM: god gift: 16 gold pieces
 30356 | Snake:1  | XOM: scenery: create altars
 30358 | Snake:1  | Reached skill level 10 in Dodging
 30419 | Snake:1  | XOM: divination: detect creatures
 30748 | Snake:1  | XOM: god gift: 33 gold pieces
 30841 | Snake:1  | XOM: give mutations
 30841 | Snake:1  | Gained mutation: You have a pair of horns on your head.
                  | [Xom's grace]
 30841 | Snake:1  | Gained mutation: Your spells are much harder to cast, but
                  | much more powerful. [Xom's grace]
 30841 | Snake:1  | Gained mutation: You have a pair of large horns on your
                  | head. [Xom's grace]
 30871 | Snake:1  | XOM: noise
 30938 | Snake:1  | XOM: summons 8 hostile demons
 30983 | Snake:1  | XOM: summons 4 hostile demons
 31246 | Snake:1  | XOM: polymorph black mamba -> yak
 31252 | Snake:1  | XOM: polymorph yak -> komodo dragon
 31421 | Snake:1  | XOM: harmless Chrm miscast
 31422 | Snake:1  | Reached skill level 5 in Stealth
 31564 | Snake:2  | XOM: give mutations
 31564 | Snake:2  | Lost mutation: Your flesh is heat resistant. (rF+) [Xom's
                  | mischief]
 31564 | Snake:2  | Lost mutation: Your muscles are strong. (Str +2) [Xom's
                  | mischief]
 31571 | Snake:2  | XOM: noise
 31577 | Snake:2  | XOM: confusion (+ monsters)
 31583 | Snake:2  | XOM: 8-stop teleportation journey
 31636 | Snake:2  | XOM: enchant monster (good)
 31877 | Snake:2  | XOM: scenery: create altars
 31894 | Snake:2  | XOM: scenery: create altars
 31896 | Snake:2  | Learned a level 3 spell: Spectral Weapon
 31910 | Snake:2  | XOM: confuse monster(s)
 31927 | Snake:2  | XOM: summons friendly orange demon
 31989 | Snake:2  | Noticed a nagaraja
 31998 | Snake:2  | Killed a nagaraja
 32048 | Snake:2  | Reached skill level 1 in Charms
 32134 | Snake:2  | XOM: give mutations
 32134 | Snake:2  | Gained mutation: You evolve. [Xom's grace]
 32134 | Snake:2  | Gained mutation: Your flesh is heat resistant. (rF+) [Xom's
                  | grace]
 32257 | Snake:2  | XOM: medium Hex miscast
 32416 | Snake:3  | XOM: 1-stop teleportation journey
 32417 | Snake:3  | Noticed Donald
 32419 | Snake:3  | XOM: severe Air miscast
 32421 | Snake:3  | XOM: chaos cloud
 32427 | Snake:3  | HP: 10/250 [naga warrior/+0 halberd (24)]
 32457 | Snake:3  | XOM: potion effect (heal wounds)
 32648 | Snake:3  | XOM: divination: detect items
 32745 | Snake:3  | XOM: smoke on damage
 32941 | Snake:2  | Killed Donald
 33154 | Snake:3  | Noticed Vashnia
 33388 | Snake:2  | XOM: divination: magic mapping
 33393 | Snake:2  | Reached XP level 17. HP: 86/260 MP: 20/23
 33510 | Snake:2  | XOM: harmless Summ miscast
 33584 | Snake:3  | XOM: confuse monster(s)
 33591 | Snake:3  | XOM: confuse monster(s)
 33605 | Snake:2  | XOM: mild Ice miscast
 34076 | Snake:2  | XOM: scenery: create altars
 34173 | Snake:3  | XOM: enchant monster (good)
 34193 | Snake:3  | XOM: summons 3 friendly demons
 34196 | Snake:3  | Killed Vashnia
 34337 | Snake:3  | Reached skill level 5 in Hexes
 34384 | Snake:3  | XOM: scenery: create altars
 34552 | Snake:3  | Reached skill level 5 in Spellcasting
 34830 | Snake:3  | XOM: god gift: 64 gold pieces
 35027 | Snake:4  | Entered Level 4 of the Snake Pit
 35200 | Snake:4  | XOM: destruction
 35208 | Snake:4  | XOM: harmless Air miscast
 35326 | Snake:3  | XOM: harmless Hex miscast
 35386 | Snake:3  | XOM: harmless Ice miscast
 35396 | Snake:4  | XOM: cast spell 'Cause Fear'
 35410 | Snake:3  | HP: 13/260 [black mamba (3)]
 35413 | Snake:3  | HP: 3/260 [guardian serpent (7)]
 35414 | Snake:3  | Slain by a guardian serpent

Levels and vault maps discovered:
D:1:      dpeg_arrival_yet_another_circle, layout_basic
D:2:      layout_rooms, chequers_avenue, minmay_tromino_mix6
D:3:      layout_basic, uniq_terence, uniq_natasha
D:4:      layout_rooms, first_ration, enter_ossuary_5, uniq_sigmund,
          uniq_duvessa, uniq_ijyb
D:5:      layout_basic, chequers_mini_garden, nrook_campfire, dk_noncrumbling_2,
          minmay_manual_mess
D:6:      layout_basic, roderic_roman_lattice
D:7:      layout_basic, zin_statuary, minmay_temple_entry_gardened_gates,
          uniq_pikel
D:8:      layout_basic, grunt_pizzeria, uniq_prince_ribbit1, uniq_harold
D:9:      layout_roguey, hiddenorc1_lemuel, gammafunk_ghost_split, uniq_maurice,
          uniq_psyche, uniq_joseph
D:10:     layout_big_octagon, minmay_misc_feat_enclosed, grunt_decor_cap,
          hex_tiny, uniq_erica
D:11:     layout_basic, erik_lair_dragon, fungi_pond_lemuel, uniq_erolcha
D:12:     layout_loops_ring, serial_shops, shop, hangedman_decor_opposing
D:13:     layout_gridville, serial_shops, shop, uniq_sonja
D:14:     layout_roguey [special_room_bee], erik_vaults_1, serial_park_tiny_1,
          minmay_nine_imps, uniq_azrael
D:15:     grunt_enter_depths_magical_seal, layout_loops_corners,
          minmay_misc_feat_chi, serial_bayou_lake_a, uniq_roxanne
Lair:1:   layout_regular_city
Lair:2:   layout_roguey, lemuel_fruit_fields
Lair:3:   layout_long_grid, swamp_mist, special_room, minmay_another_anthill,
          uniq_snorg, uniq_gastronok
Lair:4:   layout_long_grid, minmay_snake_entry_six_corridors,
          gammafunk_ghost_hydra_chop
Lair:5:   layout_regular_city, gammafunk_ghost_berserking_beasts,
          grunt_megastairs_4, uniq_nessos, uniq_josephine
Lair:6:   due_jungle_book, layout_misc_corridors,
          minmay_slime_entry_oklob_enclosed, hangedman_lair_unloving_vines,
          lemuel_fruit_fields, lemuel_fruit_tree
Swamp:1:  layout_falls_marsh, nicolae_swamp_round_clearing
Swamp:2:  layout_basic_swamp, evilmike_swamp_ruin_house_5, swamp_pool1,
          infiniplex_staircase_pool
Snake:1:  layout_layer_cave, basic_altar, uniq_aizul
Snake:2:  dpeg_oklob_gauntlet, layout_rooms
Snake:3:  layout_cave_pods, uniq_vashnia, uniq_donald
Snake:4:  snake_pit, layout_cave_town, basic_altar,
          hangedman_snake_wide_pillar_pass
Orc:1:    layout_caves, serial_shops, nicolae_shop_trees,
          lightli_bailey_entry_fortress, sword_in_stone
Orc:2:    st_orc_congregation, layout_caves

Skill      XL: |  1  2  3  4  5  6  7  8  9 10 11 12 13 14 15 16 17 |
---------------+----------------------------------------------------+-----
Maces & Flails | 3 4 5 6 9 12 13 14 15 16 17 18 | 18.1
Throwing       | 1 2 3 4 6 7 9 10 11 | 11.0
Fighting       | 5 7 9 11 14 15 17 18 | 18.5
Dodging        | 3 4 6 7 9 10 | 10.2
Hexes          | 3 5 |  5.9
Translocations | 3 |  3.0
Stealth        | 1 4 5 6 |  6.3
Spellcasting   | 3 4 5 |  5.0
Armour         | 3 4 |  4.6
Charms         | 2 3 |  3.0

Action                   |  1- 3 |  4- 6 |  7- 9 | 10-12 | 13-15 | 16-18 || total
-------------------------+-------+-------+-------+-------+-------+-------++-------
Melee: Mace              |   103 |   128 |    66 |    17 |    26 |       ||   340
       Giant club        |       |       |    47 |       |       |       ||    47
       Giant spiked club |       |       |   148 |   520 |   930 |   327 ||  1925
       Headbutt          |       |       |       |    68 |   125 |    96 ||   289
       Kick              |       |       |       |       |   134 |       ||   134
       Flail             |       |       |       |       |   322 |   114 ||   436
Throw: Stone             |    19 |     5 |     4 |     6 |       |       ||    34
       Boomerang         |       |    15 |    29 |    85 |   208 |   158 ||   495
       Dart              |       |    13 |    17 |    49 |    56 |     2 ||   137
       Javelin           |       |     5 |    24 |     7 |       |       ||    36
       Throwing net      |       |       |       |     6 |       |       ||     6
       Large rock        |       |       |       |    12 |    56 |    27 ||    95
 Cast: Portal Projectile |       |       |       |       |     5 |       ||     5
       Summon Butterflie |       |       |       |       |     2 |       ||     2
       Spectral Weapon   |       |       |       |       |       |    12 ||    12
 Abil: Evoke Flight      |       |       |       |       |     4 |       ||     4
Evoke: Wand              |       |     2 |     1 |       |     6 |     6 ||    15
       Lamp of fire      |       |       |       |       |     1 |       ||     1
  Use: Potion            |       |       |     6 |     1 |    13 |     6 ||    26
       Scroll            |       |       |    12 |    13 |    27 |     6 ||    58
 Stab: Sleeping          |     1 |       |     4 |     8 |     9 |     7 ||    29
       Paralysed         |       |       |     2 |       |       |       ||     2
       Distracted        |       |       |     2 |     1 |     7 |     6 ||    16
       Confused          |       |       |       |     1 |     4 |     2 ||     7
       Held in net/web   |       |       |       |     1 |       |       ||     1
       Invisible         |       |       |       |       |     2 |       ||     2
       Fleeing           |       |       |       |       |       |     1 ||     1
  Eat: Chunk             |     2 |     6 |    11 |    21 |    32 |     5 ||    77
       Ration            |       |       |     1 |     1 |     5 |     5 ||    12
Armor: Robe              |    43 |    60 |    68 |   200 |   348 |       ||   719
       Troll leather arm |       |       |       |       |    72 |   164 ||   236
Dodge: Dodged            |    71 |    85 |   164 |   392 |  1101 |   452 ||  2265
       Deflected         |     4 |     4 |       |    34 |    37 |    36 ||   115
Block: Other             |       |       |       |    31 |    96 |    40 ||   167
       Reflection        |       |       |       |       |       |     4 ||     4

Table legend:
 A = Non-vault XP
 B = Vault XP
 C = Vault XP percentage of total XP
 D = Non-vault monster count
 E = Vault monster count
 F = Vault count percentage of total count
                 A         B        C        D         E       F
            +---------+---------+-------+---------+---------+-------
      Total |  150445 |   57372 |  27.6 |     670 |     290 |  30.2
            +---------+---------+-------+---------+---------+-------
        D:1 |      67 |       0 |   0.0 |      25 |       0 |   0.0
        D:2 |      59 |       9 |  13.2 |      22 |       3 |  12.0
        D:3 |     204 |      74 |  26.6 |      23 |       2 |   8.0
        D:4 |     678 |     486 |  41.8 |      16 |       4 |  20.0
        D:5 |     249 |     240 |  49.1 |       8 |       3 |  27.3
        D:6 |     479 |       0 |   0.0 |      11 |       0 |   0.0
        D:7 |    1024 |    1544 |  60.1 |      16 |       2 |  11.1
        D:8 |     621 |     520 |  45.6 |      18 |       2 |  10.0
        D:9 |     808 |    1981 |  71.0 |      13 |      21 |  61.8
       D:10 |    1749 |     907 |  34.1 |      24 |       1 |   4.0
       D:11 |    4762 |    2049 |  30.1 |      45 |       6 |  11.8
       D:12 |    5728 |       0 |   0.0 |      38 |       0 |   0.0
       D:13 |    6727 |     795 |  10.6 |      22 |       1 |   4.3
       D:14 |    6615 |    7189 |  52.1 |      35 |      44 |  55.7
       D:15 |   14811 |    2892 |  16.3 |      41 |       6 |  12.8
     Lair:1 |    1689 |       0 |   0.0 |       7 |       0 |   0.0
     Lair:2 |    2502 |       0 |   0.0 |      13 |       0 |   0.0
     Lair:3 |    3906 |    5111 |  56.7 |      16 |      23 |  59.0
     Lair:4 |    2171 |    1594 |  42.3 |      11 |      16 |  59.3
     Lair:5 |    3143 |    4388 |  58.3 |      18 |      14 |  43.8
     Lair:6 |   11368 |    3068 |  21.3 |      23 |       5 |  17.9
    Swamp:1 |    9439 |       0 |   0.0 |      23 |       0 |   0.0
    Swamp:2 |    5204 |       0 |   0.0 |      14 |       0 |   0.0
    Snake:1 |   18071 |     851 |   4.5 |      39 |       1 |   2.5
    Snake:2 |   23759 |    3217 |  11.9 |      48 |       3 |   5.9
    Snake:3 |   13853 |    7975 |  36.5 |      32 |       5 |  13.5
    Snake:4 |    6274 |       0 |   0.0 |      11 |       0 |   0.0
      Orc:1 |    2587 |    1546 |  37.4 |      29 |      16 |  35.6
      Orc:2 |    1898 |    9523 |  83.4 |      29 |      64 |  68.8
    Ossuary |       0 |     156 | 100.0 |       0 |      16 | 100.0
     Bailey |       0 |    1257 | 100.0 |       0 |      32 | 100.0
            +---------+---------+-------+---------+---------+-------
